 Dungeon Crawl Stone Soup version 0.31.0-32-g396128a36d (webtiles) character file.

Game seed: 8827704379968260818

487549 ratatoskos the Intangible (level 22, -27/198 HPs)
             Began as a Demigod Gladiator on Apr 22, 2024.
             Annihilated by a vampire knight
             ... wielding a +3 great mace
              (29 damage)
             ... while paralysed by a vampire knight
             ... on level 3 of the Crypt.
             The game lasted 03:18:51 (90586 turns).

ratatoskos the Intangible (Demigod Gladiator)      Turns: 90586, Time: 03:18:52

Health: -27/198    AC: 27    Str: 19    XL:     22   Next: 75%
Magic:  0/26       EV:  2    Int: 14    God:
Gold:   4740       SH:  0    Dex: 47    Spells: 21/21 levels left

rFire   + + .        j - +9 demon blade (flame)
rCold   + . .        c - +0 buckler {reflect}
rNeg    + + +        u - +4 ring mail {rC+}
rPois   +            O - +1 helmet
rElec   .            U - +0 cloak of the Carpenter {Fly Int+2 SInv}
rCorr   +            o - +2 pair of gloves {Dex+3}
SInv    +            e - +1 pair of boots of Gumumuni {Int+2}
Will    +....        K - amulet "Lefomm" {Spirit rF+ Dex+2 Stlth+}
Stlth   +++          b - ring of the Ancients {rPois rN+++ rCorr Dex+3 Stlth-}
HPRegen 0.53/turn    E - ring of the Octopus King {rF+ HP+2 AC+2 EV+2 SH+2}
MPRegen 0.20/turn

%: reflection, guardian spirit
@: paralysed, weak-willed, flying, studying Fire Magic
A: high MP 1, forlorn, divine attributes, screaming 1
}: 2/15 runes: decaying, gossamer
a: no special abilities


You were on level 3 of the Crypt.
You visited 10 branches of the dungeon, and saw 45 of its levels.
You also visited: Gauntlet and Ice Cave.

You collected 6658 gold pieces.
You spent 1918 gold pieces at shops.

Inventory:

Hand Weapons
 j - a +9 demon blade of flaming (weapon)
 N - a +7 demon blade of freezing
Missiles
 B - a throwing net (quivered)
 G - 9 curare-tipped darts
Armour
 c - a +0 buckler of reflection (worn)
 e - the +1 pair of boots of Gumumuni (worn) {Int+2}
   (You found it on level 4 of the Spider Nest)

   Int+2:     It affects your intelligence (+2).
 o - a +2 pair of gloves of dexterity (worn)
 u - a +4 ring mail of cold resistance (worn)
 O - a +1 helmet (worn)
 U - the +0 cloak of the Carpenter (worn) {Fly Int+2 SInv}
   (You found it in a Gauntlet)

   Int+2:     It affects your intelligence (+2).
   SInv:      It lets you see invisible.
   Fly:       It grants you flight.
Jewellery
 b - the ring of the Ancients (left hand) {rPois rN+++ rCorr Dex+3 Stlth-}
   (You acquired it on level 3 of the Depths)

   [ring of poison resistance]

   Dex+3:     It affects your dexterity (+3).
   rPois:     It protects you from poison rN+++: It renders you almost immune to
   negative energy.
   rCorr:     It protects you from acid and corrosion.
   Stlth-:    It makes you less stealthy.
 y - the ring of Suspected Treachery {rElec rF+ rC- MP+9 Str+5}
   (You took it off a deep elf archer on level 2 of the Elven Halls)

   [ring of protection from fire]

   Str+5:     It affects your strength (+5).
   rF+:       It protects you from fire.
   rC-:       It makes you vulnerable to cold.
   rElec:     It insulates you from electricity.
   MP+9:      It affects your magic capacity (+9).
 E - a ring of the Octopus King (right hand) {rF+ HP+2 AC+2 EV+2 SH+2}
   (You found it in an ice cave)

   [ring of protection from fire]

   AC+2:      It affects your AC (+2).
   EV+2:      It affects your evasion (+2).
   rF+:       It protects you from fire.
   HP+2:      It affects your health (+2).
   SH+2:      It affects your SH (+2).
 K - the amulet "Lefomm" (around neck) {Spirit rF+ Dex+2 Stlth+}
   (You bought it in a shop on level 3 of the Depths)

   [amulet of guardian spirit]

   Spirit:    It causes incoming damage to be divided between your reserves of
   health and magic.
   Dex+2:     It affects your dexterity (+2).
   rF+:       It protects you from fire.
   Stlth+:    It makes you more stealthy.
Wands
 p - a wand of light (5)
 A - a wand of charming (18)
 S - a wand of mindburst (12)
 V - a wand of roots (24)
 X - a wand of digging (24)
Scrolls
 a - 7 scrolls of fog
 d - 5 scrolls of poison
 h - 10 scrolls of teleportation
 i - 11 scrolls of vulnerability
 m - 7 scrolls of immolation
 r - 10 scrolls of blinking
 C - 6 scrolls of revelation
 I - 9 scrolls of fear
 L - 2 scrolls of silence
 M - 2 scrolls of summoning
 R - 4 scrolls of enchant armour
Potions
 g - 3 potions of invisibility
 k - 5 potions of heal wounds
 q - 4 potions of ambrosia
 s - 11 potions of curing
 t - 8 potions of berserk rage
 v - 3 potions of mutation
 w - 7 potions of enlightenment
 x - 9 potions of cancellation
 z - 4 potions of lignification
 D - 5 potions of might
 F - 5 potions of resistance
 H - 3 potions of magic
 J - 8 potions of haste
Miscellaneous
 f - a lightning rod (4/4)
 l - a sack of spiders
 n - a phantom mirror
 T - a phial of floods


   Skills:
 + Level 16.4 Fighting
 - Level 14.0 Long Blades
 - Level 3.0 Throwing
 + Level 19.7 Armour
 O Level 27 Dodging
 - Level 10.0 Evocations


You had 21 spell levels left.
You didn't know any spells.
Your spell library contained the following spells:

 Spells                   Type           Power      Damage    Failure   Level
 Magic Dart               Conj           0%         1d3       45%         1
 Necrotise                Necr           0%         1d4       45%         1
 Sting                    Conj/Alch      0%         1d3       45%         1
 Summon Small Mammal      Summ           0%         N/A       45%         1
 Blink                    Tloc           0%         N/A       61%         2
 Call Imp                 Summ           0%         N/A       61%         2
 Cigotuvi's Dreadful Rot  Necr/Alch/Air  0%         N/A       61%         2
 Ensorcelled Hibernation  Hex/Ice        0%         N/A       61%         2
 Mercury Vapours          Alch/Air       0%         N/A       61%         2
 Searing Ray              Conj           0%         2d4       61%         2
 Sublimation of Blood     Necr           0%         N/A       61%         2
 Call Canine Familiar     Summ           0%         N/A       83%         3
 Fugue of the Fallen      Necr           0%         N/A       83%         3
 Gell's Gravitas          Tloc           0%         N/A       83%         3
 Inner Flame              Hex/Fire       0%         N/A       83%         3
 Mephitic Cloud           Conj/Alch/Air  0%         N/A       83%         3
 Ozocubu's Armour         Ice            0%         N/A       83%         3
 Teleport Other           Tloc           0%         N/A       83%         3
 Tukima's Dance           Hex            0%         N/A       83%         3
 Vampiric Draining        Necr           0%         2d6       83%         3
 Anguish                  Hex/Necr       0%         N/A       99%         4
 Fulminant Prism          Conj/Alch      0%         3d5       99%         4
 Ignite Poison            Fire/Alch      0%         N/A       99%         4
 Leda's Liquefaction      Alch/Erth      0%         N/A       99%         4
 Martyr's Knell           Necr/Summ      0%         N/A       99%         4
 Olgreb's Toxic Radiance  Alch           0%         N/A       99%         4
 Passage of Golubria      Tloc           0%         N/A       99%         4
 Petrify                  Alch/Erth      0%         N/A       99%         4
 Summon Blazeheart Golem  Fire/Summ      0%         N/A       99%         4
 Alistair's Intoxication  Alch           0%         N/A       100%        5
 Borgnjor's Vile Clutch   Necr/Erth      0%         N/A       100%        5
 Curse of Agony           Necr           0%         N/A       100%        5
 Fireball                 Conj/Fire      0%         3d3       100%        5
 Freezing Cloud           Conj/Ice/Air   0%         6-21      100%        5
 Irradiate                Conj/Alch      0%         3d11      100%        5
 Yara's Violent Unravell  Hex/Alch       0%         3d3       100%        5
 Dispersal                Tloc           0%         N/A       100%        6
 Eringya's Noxious Bog    Alch           0%         4d6       100%        6
 Sculpt Simulacrum        Ice/Alch       0%         N/A       100%        6
 Orb of Destruction       Conj           0%         9d5       100%        7
 Ozocubu's Refrigeration  Ice            0%         4d7       100%        7
 Ignition                 Fire           0%         3d3       100%        8
 Polar Vortex             Ice            0%         N/A       100%        9


Dungeon Overview and Level Annotations

Branches:
Dungeon (15/15)            Temple (1/1) D:5            Lair (5/5) D:11
  Swamp (4/4) Lair:2       Spider (4/4) Lair:2        Slime (0/5) Lair:5
    Orc (2/2) D:9             Elf (3/3) Orc:2        Vaults (4/5) D:13
  Crypt (3/3) Vaults:2       Tomb (0/3) Crypt:3      Depths (4/4) D:15
    Zot (0/5) Depths:4      IceCv (visited)         Gauntlet (visited)

Shops:
D:1 ?   D:12 !   Orc:2 =!![   Elf:1 *   Elf:3 (   Vaults:2 *   Vaults:4 ?
Depths:3 =:=   Depths:4 =

Portals:
Hell: Depths:1 Depths:2 Depths:3 Depths:4
Abyss: Depths:3
Pandemonium: Depths:2
Ziggurat: Depths:4


Innate Abilities, Weirdness & Mutations

You have an increased reservoir of magic. (+10% MP)
You shall have no god before yourself.
Your divine heritage dramatically boosts your attributes as you level up.
You occasionally shout uncontrollably at your foes.


Message History

The skeletal warrior hits you from afar with a +2 glaive of venom!
The skeletal warrior hits you from afar with a +0 halberd!
The phantasmal warrior hits you but does no damage.
The vampire knight hits you with a +3 great mace!
The vampire knight bites you but does no damage.
The vampire knight hits you with a +0 battleaxe!!
The vampire knight bites you but does no damage.
The vampire knight hits you but does no damage.
The vampire knight bites you but does no damage.
The skeletal warrior hits you from afar with a +2 glaive of venom.
The skeletal warrior hits you from afar with a +0 halberd.
The phantasmal warrior hits you but does no damage.
The vampire knight points at you and mumbles some strange words.
You resist with some effort.
The vampire knight gestures at you while chanting.
You shrug off the repeated paralysis!
The skeletal warrior hits you from afar with a +2 glaive of venom.
The skeletal warrior hits you but does no damage.
The phantasmal warrior hits you!!
* * * LOW HITPOINT WARNING * * *
The vampire knight hits you but does no damage.
The vampire knight bites you.
* * * LOW HITPOINT WARNING * * *
The vampire knight hits you with a +0 battleaxe!!
* * * LOW HITPOINT WARNING * * *
The vampire knight bites you.
* * * LOW HITPOINT WARNING * * *
The vampire knight hits you but does no damage.
The vampire knight bites you but does no damage.
The skeletal warrior hits you from afar with a +2 glaive of venom!
* * * LOW HITPOINT WARNING * * *
The phantasmal warrior hits you.
* * * LOW HITPOINT WARNING * * *
The skeletal warrior hits you from afar with a +0 halberd.
* * * LOW HITPOINT WARNING * * *
The vampire knight hits you with a +0 battleaxe!
* * * LOW HITPOINT WARNING * * *
The vampire knight bites you but does no damage.
The vampire knight hits you with a +3 great mace!!
You die...

....### #8.8##)#)#.#.#[#.#.#
...## ##'###+############# ####
#.#,,,* *** #.#+***##****** **,*
#.#,,,*.#,*,*,* **,,*******
#.#,,##'#+#+#'** *,,,+,,,,,*
#.#,,#........,****
*,,,*^,,..####W####V.......,*,,,
*****,,,..'..zV@VzWVW......,+,,,
*,,,..#########W.......,*,,,
*,,,,,* #........,**** *,,,,,*
##'#'#+#'** *⌠,,,,* *.#.#,*,*
******* *##*#****


You could see 3 vampire knights, 2 skeletal warriors, a vampire mage, 2
phantasmal warriors and 2 wraiths.

Vanquished Creatures
  A juggernaut (Depths:1)
  The ghost of Fiseh the Petrodigitator, a legendary GrEE of Vehumet (Depths:4)
  Xtahua (Vaults:3)
  2 golden dragons
  Jory (Crypt:3)
  Arachne (Spider:4)
  The ghost of Feagond the Warrior, an adept HOMo of Beogh (Vaults:3)
  A walking crystal tome (Depths:1)
  A tentacled monstrosity (Swamp:2)
  2 liches
  Jorgrun (Spider:3)
  A walking earthen tome (Depths:4)
  3 deep elf blademasters
  A titan (Depths:4)
  2 deep elf master archers (Elf:3)
  3 ancient champions
  4 sphinxes
  2 acid blobs (Depths:2)
  A kraken (Swamp:4)
  A thorn hunter (Swamp:3)
  Agnes (Spider:4)
  Roxanne (Swamp:2)
  2 storm dragons (Depths:4)
  A draconian monk (Depths:4)
  3 shadow dragons
  A tengu reaver (Depths:1)
  Donald (Orc:2)
  A draconian knight (Depths:4)
  A revenant (Crypt:2)
  A rockslime (Depths:2)
  15 fire giants
  5 azure jellies (Depths:2)
  2 deep elf sorcerers
  6 frost giants
  4 deep elf elementalists
  An orc warlord (Orc:2)
  7 vault wardens
  4 emperor scorpions (Spider:4)
  Louise (D:15)
  5 ghost moths
  12 ironbound preservers
  The ghost of kalagan the Eclecticist, a journeyman DECj of Sif Muna (Elf:1)
  7 quicksilver oozes (Depths:2)
  8 ironbound thunderhulks
  12 stone giants
  A broodmother (Spider:3)
  2 formless jellyfish
  A juggernaut skeleton (Crypt:2)
  11 very ugly things
  2 purple draconians (Depths:4)
  3 eleionomae
  13 vampire knights
  A black draconian (Depths:4)
  6 deep elf demonologists
  9 deep elf death magi
  2 white draconians (Depths:4)
  8 deep elf annihilators
  A minotaur (Gauntlet)
  2 red draconians (Depths:4)
  2 bunyips
  3 war gargoyles
  10 dire elephants
  Azrael (Spider:1)
  2 spark wasps
  5 crystal guardians
  2 green deaths (Gauntlet)
  6 ettins
  3 eidola
  8 fire dragons
  4 entropy weavers
  23 hydras
  11 jiangshi
  An entropy weaver (shapeshifter) (D:15)
  10 great orbs of eyes
  10 yaktaur captains
  5 ice dragons
  10 vault guards
  5 rakshasas
  An Orb Guardian zombie (Crypt:3)
  4 spriggan air magi
  2 ghost crabs
  8 radroaches
  6 peacekeepers
  5 jorogumos
  2 catoblepae
  9 ironbound frosthearts
  16 alligators
  36 dancing weapons
  A fenstrider witch skeleton (Crypt:2)
  The ghost of cfcfcfcfcf the Spear-Bearer, a journeyman TeFi of Okawaru (D:10)
  6 deep troll shamans
  20 two-headed ogres
  9 boulder beetles
  13 centaur warriors
  6 ogre magi
  3 tengu warriors
  10 vampire magi
  8 death yaks (Lair:4)
  8 deep troll earth magi
  A death knight (Crypt:1)
  3 occultists
  9 spriggans
  3 titan zombies
  12 demonic crawlers
  5 spriggan berserkers
  5 hell knights
  6 orc high priests (Orc:2)
  3 soul eaters
  15 deep elf knights
  A shadow wraith (Crypt:2)
  42 skeletal warriors
  2 skysharks
  6 pharaoh ants
  12 iron trolls
  7 spriggan druids
  A storm dragon skeleton (Crypt:2)
  A mana viper (shapeshifter) (Vaults:3)
  A quicksilver dragon simulacrum (Crypt:3)
  7 goliath frogs
  56 deep trolls
  6 orb spiders
  6 flayed ghosts
  8 swamp dragons
  6 bog bodies
  An obsidian statue (D:10)
  14 phantasmal warriors
  4 glowing orange brains
  2 sun moths
  4 arcanists
  17 ironbound convokers
  7 lindwurms
  10 deep elf archers
  2 steelbarb worms (Spider:3)
  4 orc knights
  29 deep elf zephyrmancers
  7 necromancers
  37 deep elf pyromancers
  23 ugly things
  5 will-o-the-wisps
  2 frost giant zombies
  2 cyclopes (shapeshifter)
  2 shining eyes (Depths:2)
  7 orc sorcerers
  21 wolf spiders
  An oklob plant (D:9)
  4 cyclopes
  A tengu skeleton (Depths:2)
  4 manticores
  2 moths of wrath
  4 meliai (Spider:4)
  11 elephants
  A stone giant skeleton (Depths:1)
  3 black mambas
  An eye of devastation (Depths:4)
  2 ice statues (IceCv)
  A mana viper zombie (Crypt:2)
  A black mamba (shapeshifter) (Elf:3)
  A kobold blastminer (Orc:1)
  3 centaur zombies
  8 apocalypse crabs (Depths:3)
  13 vault sentinels
  3 orange demons (Gauntlet)
  5 torpor snails
  5 gargoyles
  2 unseen horrors (D:10)
  A dire elephant skeleton (Crypt:1)
  A yaktaur (shapeshifter) (D:13)
  Maggie (D:8)
  3 efreet
  A mana viper skeleton (Crypt:2)
  9 komodo dragons
  27 cane toads
  A minotaur zombie (Gauntlet)
  A kobold demonologist (D:12)
  2 freezing wraiths (Crypt:1)
  8 rime drakes
  An iron troll zombie (Crypt:3)
  An alligator snapping turtle skeleton (Crypt:2)
  2 orb spider zombies
  3 tengu conjurers
  A grey draconian skeleton (Crypt:3)
  Jeremiah (D:8)
  Psyche (D:8)
  34 yaktaurs
  A harpy zombie (Crypt:3)
  A death drake zombie (Crypt:3)
  A catoblepas skeleton (Crypt:1)
  A bloated husk (Swamp:1)
  A polar bear (shapeshifter) (D:14)
  7 tyrant leeches
  A shadow dragon simulacrum (Crypt:3)
  A tengu simulacrum (Depths:1)
  10 hornets
  A glass eye (Depths:1)
  8 trolls
  3 polar bears
  A dream sheep (shapeshifter) (Vaults:3)
  A sun moth zombie (Crypt:1)
  26 tarantellas
  22 blink frogs
  A blink frog (shapeshifter) (Elf:3)
  A death drake skeleton (Crypt:1)
  25 jumping spiders
  28 slime creatures
  Sigmund (D:3)
  2 air elementals
  16 culicivoras
  6 water elementals
  8 shadows
  14 wraiths
  5 vampires
  An ettin skeleton (Crypt:2)
  2 yaks (shapeshifter)
  A slime creature zombie (Crypt:3)
  7 wyverns
  4 yaks (Lair:1)
  6 fire elementals
  3 golden eyes (Depths:2)
  13 wargs
  8 basilisks
  46 redbacks
  16 vampire mosquitoes
  16 swamp worms
  5 acid dragons
  A demonspawn zombie (Crypt:2)
  18 water moccasins
  6 hell hounds (Spider:1)
  14 swamp drakes
  A glowing shapeshifter skeleton (Crypt:1)
  An ice beast (D:7)
  A sky beast (D:7)
  27 orc warriors
  5 laughing skulls
  A spriggan simulacrum (Depths:1)
  A hog zombie (Crypt:1)
  19 ogres
  15 wolves
  8 centaurs
  A lindwurm skeleton (Crypt:2)
  9 kobold brigands
  A rime drake zombie (Crypt:3)
  A glowing shapeshifter simulacrum (Depths:2)
  17 bullfrogs
  A yaktaur skeleton (Crypt:1)
  2 earth elementals (Elf:1)
  A gnoll sergeant (D:5)
  A scorpion (D:4)
  13 wights
  2 lindwurm simulacra (IceCv)
  3 killer bees (D:10)
  2 howler monkeys
  5 electric eels
  8 jellies
  5 komodo dragon simulacra (IceCv)
  22 orc priests
  4 hounds
  A centaur skeleton (Crypt:3)
  A gnoll bouda (D:8)
  3 iguanas
  Jessica (D:3)
  A black bear skeleton (Crypt:3)
  Ijyb (D:3)
  24 orc wizards
  An acid dragon zombie (Crypt:2)
  A deep dwarf zombie (Crypt:2)
  An ice beast zombie (Crypt:1)
  10 gnolls
  5 adders
  2 swamp drake zombies
  7 acid dragon simulacra (IceCv)
  2 shadow imps
  3 white imps
  7 steam dragon simulacra (IceCv)
  6 ufetubi
  5 ribbon worms
  96 orcs
  7 ball pythons
  9 bats
  10 endoplasms
  A giant cockroach (D:3)
  5 goblins
  7 hobgoblins
  4 jackals
  2 quokkas (D:2)
  2 frilled lizards
  28 kobolds
  A kobold skeleton (Crypt:2)
  2 orc zombies
  11 rats
  2 tentacles (Swamp:4)
1896 creatures vanquished.

Vanquished Creatures (collateral kills)
  A lich (Crypt:2)
  An ancient champion (Crypt:2)
  A curse skull (Crypt:2)
  A reaper (Crypt:2)
  2 deep elf death magi (Crypt:2)
  A vampire mage (Crypt:2)
  An obsidian statue (Crypt:2)
  A wight (D:9)
  An orc wizard (D:9)
  A gnoll (D:8)
  3 orcs (D:9)
14 creatures vanquished.

Vanquished Creatures (others)
  An ironbound thunderhulk (Vaults:4)
  2 deep elf knights
  A glowing orange brain (Depths:2)
  2 deep elf zephyrmancers (Elf:2)
  A wolf spider (Spider:3)
  An apocalypse crab (Depths:3)
  2 bloated husks
  A jumping spider (Spider:2)
  2 orc warriors
  An orc wizard (D:9)
  5 orcs
  A kobold (D:10)
  32 foxfires
  5 tentacles (Swamp:4)
57 creatures vanquished.

Grand Total: 1967 creatures vanquished

Notes
Turn   | Place    | Note
-------+----------+-------------------------------------------
     0 | D:1      | ratatoskos the Demigod Gladiator began the quest for the
                  | Orb.
     0 | D:1      | Reached XP level 1. HP: 17/17 MP: 3/3
    22 | D:1      | Found Mivvugo's Magic Scroll Boutique.
   341 | D:1      | Reached XP level 2. HP: 24/24 MP: 4/4
   397 | D:1      | Reached skill level 3 in Dodging
  1089 | D:2      | Reached XP level 3. HP: 29/29 MP: 5/5
  1584 | D:2      | Reached XP level 4. HP: 36/36 MP: 6/6
  2059 | D:3      | Noticed Ijyb
  2069 | D:3      | Killed Ijyb
  2188 | D:3      | Noticed Jessica
  2198 | D:3      | Killed Jessica
  2446 | D:3      | Noticed Sigmund
  2478 | D:3      | Killed Sigmund
  2479 | D:3      | Reached skill level 4 in Dodging
  2479 | D:3      | Reached XP level 5. HP: 35/41 MP: 7/7
  2955 | D:4      | Reached XP level 6. HP: 24/48 MP: 8/8
  3150 | D:1      | Bought a scroll of identify for 22 gold pieces
  3150 | D:1      | Bought a scroll of teleportation for 33 gold pieces
  3150 | D:1      | Bought a scroll of vulnerability for 44 gold pieces
  3525 | D:4      | Identified the +3 ring mail of the Beginning {Dex+3}
  3568 | D:4      | Reached skill level 1 in Armour
  3723 | D:4      | You fall into a shaft and drop 1 floor!
  3723 | D:5      | Entered Level 5 of the Dungeon
  3925 | D:4      | Reached skill level 5 in Long Blades
  3948 | D:4      | Noticed a shadow
  3991 | D:4      | Reached skill level 5 in Dodging
  4164 | D:1      | Bought a scroll of blinking for 82 gold pieces
  4559 | D:5      | Reached XP level 7. HP: 55/55 MP: 9/9
  4747 | D:5      | Found a staircase to the Ecumenical Temple.
  4758 | Temple   | Entered the Ecumenical Temple
  5177 | D:6      | Reached skill level 6 in Dodging
  5258 | D:6      | Reached XP level 8. HP: 30/61 MP: 10/10
  6924 | D:7      | Noticed a hornet
  6943 | D:7      | Reached skill level 5 in Armour
  6943 | D:7      | Reached skill level 7 in Dodging
  7013 | D:7      | Killed a hornet
  7014 | D:7      | Reached XP level 9. HP: 56/68 MP: 11/11
  7772 | D:8      | Noticed Psyche
  8121 | D:8      | Killed Psyche
  8250 | D:8      | Noticed Maggie
  8267 | D:8      | Killed Maggie
  8343 | D:8      | Noticed Jeremiah
  8451 | D:8      | Killed Jeremiah
  8795 | D:9      | Reached skill level 8 in Dodging
  8845 | D:9      | Found a staircase to the Orcish Mines.
  8991 | D:9      | Reached XP level 10. HP: 33/80 MP: 13/13
  9511 | D:9      | Reached skill level 5 in Fighting
 10575 | D:9      | Noticed an oklob plant
 10757 | D:9      | Killed an oklob plant
 10863 | D:10     | Entered Level 10 of the Dungeon
 11221 | D:10     | Noticed a manticore
 11240 | D:10     | Killed a manticore
 11401 | D:10     | Noticed an obsidian statue
 11476 | D:10     | Found a transporter.
 11477 | D:10     | Found a transporter.
 11478 | D:10     | Noticed cfcfcfcfcf's ghost (journeyman TeFi)
 11479 | D:10     | Identified the +7 giant club "Orext" {heavy, rF+ Int+3}
 11479 | D:10     | Noticed a two-headed ogre
 11480 | D:10     | Noticed a two-headed ogre
 11482 | D:10     | Noticed a two-headed ogre
 11486 | D:10     | Noticed a two-headed ogre
 11597 | D:10     | Reached skill level 9 in Dodging
 12902 | D:10     | Identified a scroll of acquirement
 12902 | D:10     | Acquired the ring "Zofev" {rPois rN+ rCorr Str+5 Int-5}
 13043 | D:11     | Found a staircase to the Lair.
 13240 | D:11     | Reached XP level 11. HP: 67/91 MP: 14/14
 13894 | D:11     | Noticed a two-headed ogre
 13926 | D:11     | Killed a two-headed ogre
 14516 | D:11     | Noticed a two-headed ogre
 14528 | D:11     | Killed a two-headed ogre
 15026 | D:11     | Acquired a +2 pair of gloves of dexterity
 15331 | D:10     | Reached skill level 10 in Long Blades
 15515 | D:10     | Reached skill level 10 in Dodging
 16211 | D:11     | Noticed a rakshasa
 16394 | D:11     | Killed a rakshasa
 16655 | D:11     | Noticed a rakshasa
 17099 | Lair:1   | Entered Level 1 of the Lair of Beasts
 17320 | Lair:1   | You fall into a shaft and drop 1 floor!
 17363 | Lair:2   | Reached skill level 1 in Evocations
 17367 | Lair:2   | Found a hole to the Spider Nest.
 17643 | Lair:1   | Reached XP level 12. HP: 101/101 MP: 15/15
 19146 | Lair:2   | Noticed a six-headed hydra
 19148 | Lair:2   | Noticed a six-headed hydra
 19172 | Lair:2   | Killed a six-headed hydra
 19212 | Lair:2   | Killed a six-headed hydra
 19474 | Lair:2   | Noticed a catoblepas
 19650 | Lair:2   | Killed a catoblepas
 19757 | Lair:2   | Identified the +2 longbow of Asagif {heavy, Str+2 Int+3}
 19917 | Lair:2   | Found a staircase to the Swamp.
 20166 | Lair:3   | Noticed a four-headed hydra
 20261 | Lair:2   | Reached skill level 11 in Dodging
 20305 | Lair:2   | Killed a four-headed hydra
 20685 | Lair:3   | Reached skill level 10 in Armour
 21908 | Lair:4   | Noticed a four-headed hydra
 21930 | Lair:4   | Killed a four-headed hydra
 21931 | Lair:4   | Reached XP level 13. HP: 93/111 MP: 16/16
 21990 | Lair:4   | Reached skill level 5 in Evocations
 22624 | Lair:5   | Entered Level 5 of the Lair of Beasts
 22749 | Lair:5   | Reached skill level 10 in Fighting
 23026 | Lair:5   | Reached skill level 12 in Dodging
 23979 | Lair:5   | Found a staircase to the Slime Pits.
 24564 | Lair:5   | Reached XP level 14. HP: 122/122 MP: 17/17
 25031 | Lair:5   | Identified the +0 chain mail of Experimentation {Int+2
                  | Dex+2}
 25193 | D:12     | Found Camier's Distillery.
 25222 | D:12     | Bought a potion of degeneration for 17 gold pieces
 25222 | D:12     | Bought a potion of heal wounds for 85 gold pieces
 25222 | D:12     | Bought a potion of heal wounds for 85 gold pieces
 25273 | D:12     | Found a gate leading to a gauntlet.
 25363 | Gauntlet | Entered a Gauntlet
 25363 | Gauntlet | Found a transporter.
 25363 | Gauntlet | Found a transporter.
 25363 | Gauntlet | Found a transporter.
 25402 | Gauntlet | Found a transporter.
 25436 | Gauntlet | Found a transporter.
 25451 | Gauntlet | Found a transporter.
 25462 | Gauntlet | Found a transporter.
 25480 | Gauntlet | Found a transporter.
 25494 | Gauntlet | Found a transporter.
 25500 | Gauntlet | Found a transporter.
 25518 | Gauntlet | Found a transporter.
 25593 | Gauntlet | Found a transporter.
 25936 | Gauntlet | Identified the amulet "Icsaan" {Faith +Blink rF+ rN+ Will+
                  | Dex-2}
 26314 | Gauntlet | Identified the +0 cloak of the Carpenter {Fly Int+2 SInv}
 28937 | D:13     | Found a gate to the Vaults.
 29657 | D:13     | Reached skill level 13 in Dodging
 31144 | D:15     | Entered Level 15 of the Dungeon
 31644 | D:15     | Reached XP level 15. HP: 130/132 MP: 18/18
 31866 | D:15     | Got the Vademecum on Hoarfrost
 31915 | D:15     | Noticed Louise
 31930 | D:15     | Killed Louise
 32276 | D:15     | Found a staircase to the Depths.
 32478 | Orc:1    | Entered Level 1 of the Orcish Mines
 33221 | Orc:2    | Entered Level 2 of the Orcish Mines
 33222 | Orc:2    | Found Bozxarph's Antique Armour Boutique.
 33234 | Orc:2    | Bought a pitted ring mail for 234 gold pieces
 33234 | Orc:2    | Identified the +3 ring mail of Reaku {+Inv Dex+3} (You
                  | bought it in a shop on level 2 of the Orcish Mines)
 33280 | Orc:2    | Found a frozen archway.
 33346 | IceCv    | Entered an ice cave
 33582 | IceCv    | Reached skill level 10 in Evocations
 34597 | IceCv    | Found the ring of the Octopus King
 34716 | IceCv    | Identified a ring of the Octopus King {rF+ HP+2 AC+2 EV+2
                  | SH+2}
 35016 | Orc:2    | Found a staircase to the Elven Halls.
 35126 | Orc:2    | Found Zatiowno's Distillery.
 35144 | Orc:2    | Reached skill level 14 in Dodging
 35193 | Orc:2    | Found Quufazin's Jewellery Shoppe.
 35400 | Orc:2    | Found Monoum's Distillery.
 35482 | Orc:2    | Noticed Donald
 35500 | Orc:2    | Killed Donald
 35501 | Orc:2    | Reached skill level 15 in Dodging
 35780 | Orc:2    | Bought a potion of heal wounds for 65 gold pieces
 35780 | Orc:2    | Bought a potion of heal wounds for 65 gold pieces
 35780 | Orc:2    | Bought a potion of lignification for 39 gold pieces
 35780 | Orc:2    | Bought a potion of haste for 130 gold pieces
 35808 | Orc:2    | Bought a potion of heal wounds for 65 gold pieces
 35808 | Orc:2    | Bought a potion of might for 52 gold pieces
 36697 | D:10     | Killed cfcfcfcfcf's ghost
 37021 | Spider:1 | Entered Level 1 of the Spider Nest
 37509 | Spider:1 | Reached skill level 16 in Dodging
 37929 | Spider:1 | Paralysed by a jorogumo for 2 turns
 38245 | Spider:1 | Reached XP level 16. HP: 110/139 MP: 19/19
 39000 | Spider:2 | Noticed Azrael
 40034 | Spider:2 | Reached skill level 17 in Dodging
 40401 | Spider:1 | Killed Azrael
 40652 | Spider:2 | Identified the +2 quarterstaff "Mexipp" {heavy, rN+ rCorr
                  | Str+3 Int+2}
 42129 | Spider:3 | Noticed Jorgrun
 42147 | Spider:3 | Killed Jorgrun
 42164 | Spider:3 | Reached skill level 18 in Dodging
 42711 | Spider:3 | Identified the +0 kite shield of Gallantry {Fly rC- Int+4}
 43120 | Swamp:1  | Entered Level 1 of the Swamp
 45169 | Swamp:2  | Noticed Roxanne
 45302 | Swamp:2  | Reached skill level 19 in Dodging
 45316 | Swamp:2  | Noticed a tentacled monstrosity
 45674 | Swamp:2  | Killed a tentacled monstrosity
 47298 | Swamp:2  | Killed Roxanne
 47381 | Swamp:3  | Reached XP level 17. HP: 146/146 MP: 20/20
 47830 | Swamp:3  | Reached skill level 20 in Dodging
 48227 | Swamp:4  | Entered Level 4 of the Swamp
 48900 | Swamp:4  | Got a decaying rune of Zot
 49600 | Swamp:4  | Reached skill level 21 in Dodging
 50029 | Spider:4 | Entered Level 4 of the Spider Nest
 50722 | Spider:4 | Noticed Agnes
 50745 | Spider:4 | Killed Agnes
 51397 | Spider:4 | Noticed Arachne
 51656 | Spider:4 | Killed Arachne
 53105 | Spider:4 | Reached skill level 22 in Dodging
 53261 | Spider:4 | Paralysed by a jorogumo for 3 turns
 53516 | Spider:4 | Got a gossamer rune of Zot
 53521 | Spider:4 | Identified the +1 pair of boots of Gumumuni {Int+2}
 54058 | Vaults:1 | Entered Level 1 of the Vaults
 54351 | Vaults:1 | Reached XP level 18. HP: 154/154 MP: 21/21
 55493 | Vaults:1 | Reached skill level 23 in Dodging
 56473 | Elf:1    | Entered Level 1 of the Elven Halls
 56792 | Elf:1    | Found a runed translucent gate.
 56910 | Elf:1    | Noticed kalagan's ghost (journeyman DECj)
 56913 | Elf:1    | Found a runed translucent gate.
 56919 | Elf:1    | Found a runed translucent gate.
 57497 | Elf:1    | Got the Anthology of the Volley
 57618 | Elf:1    | Found Qintut's CLEARANCE SALE!.
 57625 | Elf:1    | Bought a potion of curing for 12 gold pieces
 57625 | Elf:1    | Bought a potion of heal wounds for 20 gold pieces
 57625 | Elf:1    | Bought a potion of haste for 40 gold pieces
 58082 | Elf:1    | Killed kalagan's ghost
 58083 | Elf:1    | Paralysed by an air elemental for 1 turns
 58085 | Elf:1    | Paralysed by an air elemental for 1 turns
 58563 | Elf:1    | Identified the +1 cloak of Raluaruz {rC+ Str+3 Dex+3}
 58567 | Elf:1    | Identified the staff "Aniat" {^Contam rPois rF++ Int+6
                  | Alchemy}
 58852 | Elf:2    | Reached skill level 24 in Dodging
 58927 | Elf:2    | Identified the +7 sling "Edaazalou" {freeze, rPois Str+3
                  | Int+4}
 58927 | Elf:2    | Identified the ring of Suspected Treachery {rElec rF+ rC-
                  | MP+9 Str+5}
 58940 | Elf:2    | Identified the +0 chain mail of Patience {rPois rF- Str+5
                  | Int-4}
 59691 | Elf:2    | Found a runed translucent gate.
 59692 | Elf:2    | Found a runed translucent gate.
 59692 | Elf:2    | Found a runed translucent gate.
 60600 | Elf:2    | Reached XP level 19. HP: 68/160 MP: 22/22
 62427 | Vaults:2 | Reached skill level 25 in Dodging
 64127 | Vaults:2 | Found Doras's General Store.
 65055 | Vaults:2 | Found a staircase to the Crypt.
 65286 | Vaults:3 | Reached skill level 26 in Dodging
 65816 | Vaults:3 | Found a runed translucent door.
 65818 | Vaults:3 | Noticed Feagond's ghost (adept HOMo)
 66884 | Vaults:3 | You are sucked into a shaft and drop 1 floor!
 67067 | Vaults:4 | Noticed Xtahua
 68178 | Vaults:4 | Noticed a golden dragon
 68220 | Vaults:4 | Killed a golden dragon
 68789 | Vaults:3 | Reached XP level 20. HP: 110/168 MP: 24/24
 69661 | Vaults:3 | Killed Xtahua
 71168 | Vaults:4 | Found Qyfe's Magic Scroll Boutique.
 71175 | Vaults:4 | Bought a scroll of blinking for 165 gold pieces
 71264 | Vaults:4 | Reached skill level 27 in Dodging
 72042 | Depths:1 | Entered Level 1 of the Depths
 73475 | Depths:1 | Noticed a juggernaut
 73490 | Depths:1 | Killed a juggernaut
 74483 | Depths:1 | Found a gateway to Hell.
 75888 | Depths:2 | Reached skill level 15 in Armour
 75963 | Depths:2 | Gained mutation: You occasionally shout uncontrollably at
                  | your foes. [a shining eye]
 76174 | Depths:2 | Identified the +0 chain mail of the Armoured One {+Blink}
 76637 | Depths:2 | Found a one-way gate leading to the halls of Pandemonium.
 76668 | Depths:2 | Reached XP level 21. HP: 153/174 MP: 25/25
 78392 | Depths:3 | Found a one-way gate to the infinite horrors of the Abyss.
 78636 | Depths:3 | Identified the +6 quarterstaff "Tovon" {vamp, rCorr Int+4
                  | Stlth+}
 79490 | Depths:3 | Acquired the ring of the Ancients {rPois rN+++ rCorr Dex+3
                  | Stlth-}
 80349 | Depths:3 | Got Iriceul's Compendium of Damage
 80524 | Depths:3 | Found Manwestru's Jewellery Boutique.
 80525 | Depths:3 | Found Zaew's Book Emporium.
 80526 | Depths:3 | Found Bethriso's Jewellery Boutique.
 80537 | Depths:3 | Bought the amulet "Lefomm" {Spirit rF+ Dex+2 Stlth+} for
                  | 663 gold pieces
 80714 | Depths:4 | Entered Level 4 of the Depths
 80714 | Depths:4 | Noticed Fiseh's ghost (legendary GrEE)
 80714 | Depths:4 | Found a large runed translucent door.
 80714 | Depths:4 | Found a large runed translucent door.
 80801 | Depths:4 | Found a gate to the Realm of Zot.
 80801 | Depths:4 | Noticed a golden dragon
 80807 | Depths:4 | Killed a golden dragon
 81193 | Depths:4 | Found a one-way gateway to a ziggurat.
 81770 | Depths:4 | Found a runed translucent door.
 81829 | Depths:4 | Found Jokhihuch's Jewellery Shoppe.
 82467 | Depths:4 | Killed Fiseh's ghost
 82474 | Depths:4 | Got Soroateu's Handbook of Glowing Sidekicks
 83515 | Vaults:3 | Killed Feagond's ghost
 83627 | Crypt:1  | Entered Level 1 of the Crypt
 84378 | Crypt:1  | Reached XP level 22. HP: 190/190 MP: 26/26
 84975 | Elf:3    | Entered Level 3 of the Elven Halls
 85724 | Elf:3    | Identified the +11 battleaxe of Okuisaot {flame, ^Drain
                  | rN++ Int+2}
 85731 | Elf:3    | Identified the +1 robe "Zemode" {rElec rF+ Regen+ Dex-3}
 85745 | Elf:3    | Identified the +12 flail of Peril {elec, ^Fragile +Blink
                  | rC++}
 85788 | Elf:3    | Reached skill level 15 in Fighting
 86025 | Elf:3    | Identified the ring "Atzisch Xelu" {Fire rPois}
 86161 | Elf:3    | Identified the staff "Wefoes" {rF+ Dex+2 Fire}
 86163 | Elf:3    | Identified the ring "Heab Jalom" {Wiz rElec}
 86275 | Elf:3    | Found Hififen's Weapon Shop.
 87232 | Crypt:2  | Found a transporter.
 87248 | Crypt:2  | Found a transporter.
 88338 | Crypt:2  | Identified the ring "Xaomeet" {Wiz Stlth+}
 88348 | Crypt:2  | Identified the ring of the Ancients {rPois Str+2 Int+6
                  | SInv}
 89187 | Crypt:3  | Entered Level 3 of the Crypt
 89619 | Crypt:3  | Identified the staff of Equilibrium {rC+ Will+ Dex+3 Necro
                  | Ice}
 89894 | Crypt:3  | Found a staircase to the Tomb.
 90379 | Crypt:3  | Identified the +6 triple sword of Gozag's Supremacy {heavy,
                  | rPois Will- Int+7 SInv}
 90440 | Crypt:3  | Noticed Jory
 90465 | Crypt:3  | Killed Jory
 90581 | Crypt:3  | Paralysed by a vampire knight for 5 turns
 90585 | Crypt:3  | HP: 1/198 [vampire knight/+0 battleaxe (13)]
 90586 | Crypt:3  | Annihilated by a vampire knight

Illustrated notes

Levels and vault maps discovered:
D:1:      onia_arrival_handbag, layout_loops_ring, serial_shops, shop,
          amcnicky_mini_rare_corridor_liquid
D:2:      layout_loops_ring, ebering_ecumenical_altar_box, nrook_loot_triangle,
          minmay_box_of_dots
D:3:      layout_loops_corners, uniq_sigmund, uniq_ijyb, uniq_jessica
D:4:      layout_loops_ring, riverfiend_overflow_shadow_ancestor, zin_statuary
D:5:      layout_rooms, minmay_temple_entry_glassed_door, lightli_minifort
D:6:      minmay_skewed_foursquare, layout_rooms, minitemple
D:7:      layout_basic, serial_park_tiny_2,
          nicolae_concentric_dashed_squares_wild, nrook_campfire
D:8:      layout_basic, uniq_jeremiah, uniq_maggie, uniq_psyche
D:9:      layout_cave_pools, tgw_fedhas, david_orc_5
D:10:     layout_cave_pods, gammafunk_ghost_smash, minivault_16
D:11:     regret_index_dithmenos_penumbral_divide, layout_irregular_city
D:12:     layout_irregular_city, serial_shops, shop, gauntlet_entry_generic,
          kennysheep_four_rooms
D:13:     layout_long_grid, lightli_vaults_fourway_checkpoint
D:14:     layout_irregular_city, dreamdust_princess_bridge,
          serial_library_regret_index_branch_corner
D:15:     hellmonk_depths_entry_around_the_bend, layout_cave_pools,
          nicolae_ru_awakened_eye, uniq_louise
Temple:   hellmonk_temple_micro_hex
Lair:1:   layout_layer_cave, grunt_megastairs_4
Lair:2:   layout_roguey, palyth_hydra_swamp_entry, spider_nest_entry_webs,
          minivault_25
Lair:3:   layout_misc_corridors, chequers_serial_rivers_small_3
Lair:4:   layout_cave_shapes
Lair:5:   minmay_lair_end_frog_pond, layout_gridlike,
          nicolae_slime_entry_slimehenge, nicolae_quartered_pool_little,
          serial_bayou_shore_a
Swamp:1:  layout_basic_swamp, infiniplex_staircase_pool, swamp_pool_5
Swamp:2:  nicolae_swamp_ascending_descending_big, layout_falls_marsh,
          evilmike_swamp_ruin_house_5, nicolae_swamp_decorative_isthmus,
          uniq_roxanne
Swamp:3:  layout_basic_swamp, evilmike_swamp_ruin_house_6, swamp_pool_3,
          hangedman_swamp_lotus
Swamp:4:  swamp, layout_basic_swamp, swamp_pool_4, nicolae_swamp_thats_no_hydra
Spider:1: layout_spider_delve
Spider:2: layout_spider_delve, guppyfry_spider_mini_3, uniq_azrael
Spider:3: layout_spider_delve, hangedman_spider_tarantella_strand, uniq_jorgrun
Spider:4: grunt_spider_rune_island, uniq_arachne, uniq_agnes
Orc:1:    layout_caves, basic_altar
Orc:2:    st_orc_town, layout_diamond_mine, portal_ice_cave_rime, serial_shops,
          nicolae_shop_back_alley_shop, uniq_donald
Elf:1:    eino_elf_arrival_shootout, layout_loops_corners,
          gammafunk_ghost_split, minmay_elf_annihilation, nicolae_shop_clearance
Elf:2:    nicolae_elf_blades_crystal_corner, layout_geoelf_diagonals,
          minmay_checkered_concentric_circles
Elf:3:    grunt_elf_hall_branching, layout_geoelf_diagonals, serial_shops,
          nicolae_shop_pleasant_corner_grove
Vaults:1: nicolae_vaults_offset_grid_hallway_4, nicolae_vaults_trapezoid_1,
          nicolae_vaults_closet_pinwheel_4, nicolae_vaults_closet_pinwheel_6,
          v_pattern_4, nicolae_vaults_double_plus_1,
          nicolae_vaults_little_squares_3, nicolae_vaults_tetromino_L_1,
          nicolae_vaults_trapezoid_lopsided_1, nicolae_vaults_diamond_2,
          layout_vaults_omnigrid
Vaults:2: vaults_room_corners, v_misc_16, nicolae_vaults_puzzle_piece,
          nicolae_vaults_tetromino_T_1, nicolae_vaults_little_squares_2,
          nicolae_vaults_network_star, vaults_dpeg_hooks,
          nicolae_vaults_offset_grid_hallway_2, hangedman_vaults_stream,
          minmay_crypt_entry_necro_gods, vaults_dpeg_emergency_exit,
          vaults_dpeg_ring, layout_vaults_omnicross, serial_shops, shop
Vaults:3: ebering_ghost_reflecting_pool, v_misc_1, nicolae_vaults_double_plus_3,
          nicolae_vaults_know_your_exits, nicolae_vaults_diamond_2,
          hangedman_vaults_cutoff, layout_vaults_chaotic_city
Vaults:4: nicolae_vaults_network_quinsquares
          [nicolae_vaults_network_quincunx_subvault,
          nicolae_vaults_network_quincunx_subvault,
          nicolae_vaults_network_quincunx_subvault,
          nicolae_vaults_network_quincunx_subvault], v_misc_16,
          hangedman_vaults_capsules, ontoclasm_vaults_gallery, vaults_room_pool,
          v_rooms_1, nicolae_vaults_door_testing_chamber,
          nicolae_vaults_trapezoid_4, v_misc_30, nicolae_vaults_tangram_2,
          v_misc_15, nicolae_vaults_asterisk,
          nicolae_vaults_trapezoid_lopsided_1, layout_vaults_ring, serial_shops,
          shop, uniq_xtahua
Crypt:1:  layout_catacombs
Crypt:2:  gammafunk_sealed_arena, layout_misc_corridors
Crypt:3:  church_of_pain_bobbens, layout_chaotic_city
Depths:1: layout_cave_pools, hell_entry, serial_library_hellmonk_open_square,
          grunt_ministairs_1, minmay_evil_grid
Depths:2: kennysheep_windowed_halls, layout_cave_pools, special_room
          [special_room_jelly], rand_demon_pan_entry_1, hangedman_coc_ice_floe,
          chequers_serial_rivers_micro_b, minmay_staircase_bubble
Depths:3: gammafunk_mikee_crab_dinner, layout_gridville,
          nicolae_abyss_entry_one_way_or_another, hell_entry,
          kennysheep_inner_square, minmay_shop_grove, uniq_jory
Depths:4: grunt_crosshair, layout_gridlike, enter_ziggurat_c,
          grunt_hell_entry_dis_grunt, serial_shops, shop,
          ebering_ghost_disaster_area, nicolae_ashenzari_skybound,
          lightli_giant_bouncers

Skill      XL: |  1  2  3  4  5  6  7  8  9 10 11 12 13 14 15 16 17 18 19 20 21 22 |
---------------+-------------------------------------------------------------------+-----
Throwing       | 2 3 |  3.0
Fighting       | 2 4 6 8 9 10 11 12 14 16 | 16.4
Long Blades    | 3 4 5 6 7 8 9 10 11 12 14 | 14.0
Dodging        | 3 4 5 6 7 8 9 10 11 12 13 16 19 22 24 26 27 | 27.0
Armour         | 1 3 5 6 7 9 10 11 15 18 19 | 19.7
Evocations     | 1 4 7 9 10 | 10.0

Action                     |  1- 3 |  4- 6 |  7- 9 | 10-12 | 13-15 | 16-18 | 19-21 | 22-24 || total
---------------------------+-------+-------+-------+-------+-------+-------+-------+-------++-------
  Melee: Long sword        |   171 |   142 |   413 |   961 |   696 |       |       |       ||  2383
         Punch             |     1 |       |    12 |    11 |    26 |    37 |    72 |       ||   159
         Short sword       |       |       |       |    47 |    42 |       |       |       ||    89
         Scimitar          |       |       |       |       |   890 |  2150 |  2265 |       ||  5305
         Demon blade       |       |       |       |       |       |       |   539 |   668 ||  1207
  Throw: Throwing net      |       |     2 |       |     1 |       |     2 |       |       ||     5
         Javelin           |       |       |     1 |       |       |       |       |       ||     1
         Dart              |       |       |       |     4 |     4 |    11 |     1 |       ||    20
  Evoke: Wand              |       |     1 |    14 |    12 |    16 |    27 |     9 |       ||    79
         Phial of floods   |       |       |       |       |     3 |       |       |       ||     3
    Use: Potion            |       |     1 |       |     3 |     5 |    10 |     7 |       ||    26
         Scroll            |       |     7 |     2 |     9 |     6 |    11 |    22 |     4 ||    61
   Stab: Sleeping          |     2 |     1 |     2 |     3 |     1 |     1 |    10 |     4 ||    24
         Held in net/web   |       |     2 |       |     1 |       |       |       |       ||     3
         Invisible         |       |       |       |     4 |     8 |     1 |     2 |       ||    15
         Distracted        |       |       |       |       |     5 |     6 |     9 |     3 ||    23
 Armour: Leather armour    |    90 |    39 |       |       |       |       |       |       ||   129
         Ring mail         |       |    25 |   158 |   580 |   546 |   713 |   517 |   110 ||  2649
  Dodge: Dodged            |   109 |    94 |   502 |  1161 |  1609 |  3116 |  3604 |   652 || 10847
  Block: Other             |       |       |       |       |    21 |   131 |   130 |       ||   282
         Buckler           |       |       |       |       |       |       |    97 |   246 ||   343
         Reflection        |       |       |       |       |       |       |     1 |     5 ||     6
